 Dungeon Crawl Stone Soup version 0.21-a0-642-g5d013b2151 (webtiles) character file.

682 Deemzul the Slasher (level 7, 0/49 HPs)
             Began as a Demonspawn Fighter on Dec 31, 2017.
             Slain by a centaur (2 damage)
             ... on level 6 of the Dungeon.
             The game lasted 00:04:12 (4175 turns).

Deemzul the Slasher (Demonspawn Fighter)            Turns: 4175, Time: 00:04:12

Health: 0/49       AC:  7    Str: 15    XL:     7   Next: 34%
Magic:  7/7        EV: 15    Int:  9    God:
Gold:   206        SH: 10    Dex: 19    Spells: 6/6 levels left

rFire    . . .     SeeInvis +   a - +0 long sword
rCold    . . .     Gourm    .   c - +0 shield
rNeg     . . .     Faith    .   b - +0 scale mail
rPois    .         Spirit   .   (no helmet)
rElec    .         Reflect  .   (no cloak)
rCorr    .         Harm     .   (no gloves)
MR       .....                  (no boots)
Stlth    +.........             (no amulet)
HPRegen  0.16/turn              o - ring of see invisible
MPRegen  0.10/turn              (no ring)

@: agile
A: talons 1, repulsion field 2, frail 1, mutation resistance 1, spiny 1, weak 1,
wild magic 1
a: no special abilities


You were on level 6 of the Dungeon.
You were not hungry.

You visited 1 branch of the dungeon, and saw 6 of its levels.

You collected 206 gold pieces.

Inventory:

Hand Weapons
 a - a +0 long sword (weapon)
 k - a +2 falchion of holy wrath
Armour
 b - a +0 scale mail (worn)
 c - a +0 shield (worn)
Jewellery
 o - a ring of see invisible (left hand)
Wands
 n - a wand of iceblast (6)
 u - a wand of flame (35)
Scrolls
 h - 2 scrolls of teleportation {unknown}
 i - 6 scrolls of identify {unknown}
 j - 2 scrolls of enchant armour {unknown}
 m - 3 scrolls of amnesia {unknown}
 q - a scroll of fear {unknown}
 s - a scroll of noise {unknown}
Potions
 d - 2 potions of might
 e - 4 potions of curing
 g - a potion of agility
 l - a potion of mutation
 r - 2 potions of haste {unknown}
 t - a potion of degeneration {unknown}
 v - a potion of flight {unknown}
Books
 p - a book of Misfortune

   Spells                             Type                      Level
   a - Confusing Touch                Hexes                        1
   b - Confuse                        Hexes                        3
   c - Gell's Gravitas                Translocation                3
   d - Petrify                        Transmutation/Earth          4
   e - Metabolic Englaciation         Hexes/Ice                    5
   f - Yara's Violent Unravelling     Hexes/Transmutation          5
Comestibles
 f - 6 rations


   Skills:
 + Level 4.6 Fighting
 * Level 5.0 Long Blades
 + Level 4.1 Armour
 + Level 4.2 Shields


You had 6 spell levels left.
You didn't know any spells.

Dungeon Overview and Level Annotations

Branches:
Dungeon (6/15)
 Temple: D:4-7

Altars:
Dithmenos
Uskayaw
Vehumet

Shops:
D:4 (

Annotations:
D:3 NihilVerum's ghost, amateur OgNe
D:5 MirrMurr's ghost, novice SpEn
D:6 Deemzul's ghost, novice DsFi


Innate Abilities, Weirdness & Mutations

You have sharp toenails.
You are surrounded by a moderate repulsion field. (EV +3)
You are partially covered in sharp spines.
You are frail. (-10% HP)
You are somewhat resistant to further mutation.
You are weak. (Str -2)
Your spells are a little harder to cast, but a little more powerful.


Message History

* * * LOW HITPOINT WARNING * * *
You block the centaur's attack.
It was a potion of curing.
You feel better. The centaur is struck by your spines. The centaur hits you.
* * * LOW HITPOINT WARNING * * *
It was a potion of agility.
You feel agile all of a sudden. The centaur misses you.
Deemzul's ghost misses you. The centaur hits you.
* * * LOW HITPOINT WARNING * * *
It was a potion of mutation.
You feel extremely strange.
You feel frail.
You feel less in control of your magic.
You feel weaker.
You feel genetically stable. The centaur is struck by your spines.
The centaur completely misses you.
You riposte.
You hit the centaur. You claw the centaur.
The centaur is heavily wounded.
Deemzul's ghost says very slowly, "There's no hope."
Deemzul's ghost hits you!
* * * LOW HITPOINT WARNING * * *
The centaur hits you.
You die...

#......########
#######.(..(..#
#######......#(....#
####....##......#(....#
................#.(...#
........##...####.....#
........######..(...###
[............#......#
.............#..@cW.#
###.....##...#......#
##'#####...#......#
#.....####'#......#
#.....##...#......#
#.....#....#......#
#.....#....#......#
+.....#....+......# .
####'#######..<...#


You could see a centaur and Deemzul's ghost.

Vanquished Creatures
  The ghost of Proccom the Magician, an amateur DEFE of Vehumet (D:4)
  A phantom (D:4)
  A scorpion (D:4)
  3 hounds
  3 orc wizards
  An orc priest (D:4)
  An iguana (D:4)
  A worker ant (D:4)
  4 gnolls (D:3)
  3 adders
  2 oozes (D:2)
  4 worms
  3 dart slugs
  A leopard gecko (D:2)
  15 orcs
  5 giant cockroaches
  10 goblins
  7 hobgoblins
  4 jackals (D:2)
  2 quokkas (D:2)
  A ball python (D:4)
  A ball python skeleton (D:4)
  2 bats
  4 frilled lizards
  A giant cockroach zombie (D:6)
  6 kobolds
  A leopard gecko skeleton (D:4)
  6 rats
94 creatures vanquished.

Notes
Turn   | Place    | Note
-------+----------+-------------------------------------------
     0 | D:1      | Deemzul the Demonspawn Fighter began the quest for the Orb.
     0 | D:1      | Reached XP level 1. HP: 18/18 MP: 1/1
    69 | D:1      | Reached skill level 2 in Long Blades
   299 | D:1      | Gained mutation: You are surrounded by a mild repulsion field. (EV +2) [demonic ancestry]
   299 | D:1      | Reached XP level 2. HP: 21/24 MP: 2/2
   738 | D:2      | Gained mutation: You are partially covered in sharp spines. [demonic ancestry]
   738 | D:2      | Reached XP level 3. HP: 29/29 MP: 3/3
  1201 | D:2      | Reached XP level 4. HP: 35/35 MP: 4/4
  1390 | D:2      | Found a shadowy altar of Dithmenos.
  1509 | D:2      | Found a hide-covered altar of Uskayaw.
  1650 | D:3      | Reached skill level 3 in Long Blades
  2226 | D:3      | Gained mutation: You have sharp toenails. [demonic ancestry]
  2226 | D:3      | Reached XP level 5. HP: 19/42 MP: 5/5
  2646 | D:3      | Noticed NihilVerum's ghost (amateur OgNe)
  2888 | D:4      | Reached XP level 6. HP: 32/48 MP: 6/6
  2941 | D:4      | Reached skill level 4 in Long Blades
  3005 | D:4      | Found Zeonkea's Weapon Emporium.
  3059 | D:4      | Found a radiant altar of Vehumet.
  3140 | D:4      | Noticed Proccom's ghost (amateur DEFE)
  3147 | D:4      | Killed Proccom's ghost
  3147 | D:4      | Gained mutation: You are surrounded by a moderate repulsion field. (EV +3) [demonic ancestry]
  3147 | D:4      | Reached XP level 7. HP: 29/55 MP: 7/7
  4000 | D:5      | Entered Level 5 of the Dungeon
  4025 | D:5      | Noticed MirrMurr's ghost (novice SpEn)
  4096 | D:6      | Reached skill level 5 in Long Blades
  4154 | D:6      | Noticed Deemzul's ghost (novice DsFi)
  4174 | D:6      | Gained mutation: You are frail. (-10% HP) [potion of mutation]
  4174 | D:6      | Gained mutation: Your spells are a little harder to cast, but a little more powerful. [potion of mutation]
  4174 | D:6      | Gained mutation: You are weak. (Str -2) [potion of mutation]
  4174 | D:6      | Gained mutation: You are somewhat resistant to further mutation. [potion of mutation]
  4174 | D:6      | HP: 1/49 [Deemzul's ghost (9)]
  4175 | D:6      | Slain by a centaur

Vault maps used:
D:1:      eino_arrival_water_star
D:2:      lemuel_doored_altar, grunt_dithmenos_smoke_and_mirrors, first_ration
D:3:      kennysheep_cross_bottleneck, cheibrodos_gnoll_hut
D:4:      overflow_temple_1_default, serial_shops, kennysheep_mini
D:5:      hangedman_decor_slide_cut, nicolae_gozag_seed_capital
D:6:      kennysheep_mini_moat, xom_redecorated, uniq_pikel

Skill      XL: |  1  2  3  4  5  6  7 |
---------------+----------------------+-----
Long Blades    | 2 3 4 5 |  5.0
Shields        | 3 4 |  4.2
Armour         | 3 4 |  4.1
Fighting       | 4 |  4.6

Action                   |  1- 3 |  4- 6 |  7- 9 || total
-------------------------+-------+-------+-------++-------
Melee: Long sword        |    98 |   116 |    30 ||   244
       Kick              |       |    25 |    17 ||    42
  Use: Potion            |       |       |     3 ||     3
  Eat: Chunk             |     1 |     7 |     3 ||    11
Armor: Scale mail        |    47 |    30 |     4 ||    81
Dodge: Dodged            |    28 |    57 |    23 ||   108
Block: Shield            |    49 |    62 |    20 ||   131
       Rpst.: Long sword |     9 |    17 |     7 ||    33

Table legend:
 A = Spawn XP
 B = Non-spawn XP
 C = Spawn XP percentage of total XP
 D = Spawn monster count
 E = Non-spawn monster count
 F = Spawn count percentage of total count
 G = Total turns spent on level
                    A         B        C        D         E        F      G
               +---------+---------+-------+---------+---------+-------+---------
         Total |       0 |     975 |   0.0 |       0 |      94 |   0.0 |  4175
               +---------+---------+-------+---------+---------+-------+---------
           D:1 |       0 |      32 |   0.0 |       0 |      17 |   0.0 |   776
           D:2 |       0 |     140 |   0.0 |       0 |      35 |   0.0 |  1076
           D:3 |       0 |     180 |   0.0 |       0 |      20 |   0.0 |  1014
           D:4 |       0 |     606 |   0.0 |       0 |      19 |   0.0 |  1136
           D:6 |       0 |      17 |   0.0 |       0 |       3 |   0.0 |   137
               +---------+---------+-------+---------+---------+-------+---------
